 Dungeon Crawl Stone Soup version 0.26-a0-1147-g3780a7a11b (webtiles) character file.

Game seed: 9598522829666584196

877 hatsuma the Conjurer (level 7, -4/57 HPs)
             Began as a Grey Draconian Conjurer on Dec 22, 2020.
             Slain by a lemure (6 damage)
             ... led by Pikel
             ... on level 5 of the Dungeon on Jan 6, 2021.
             The game lasted 00:57:25 (6090 turns).

hatsuma the Conjurer (Grey Draconian Conjurer)      Turns: 6090, Time: 00:57:25

Health: -4/57      AC: 11    Str: 10    XL:     7   Next: 75%
Magic:  15/15      EV: 12    Int: 20    God:
Gold:   238        SH:  0    Dex:  9    Spells: 3/17 levels left

rFire    . . .     SeeInvis .   a - +0 dagger
rCold    . . .     Faith    .   (no shield)
rNeg     . . .     Spirit   .   (armour unavailable)
rPois    .         Reflect  .   (helmet restricted)
rElec    .         Harm     +   j - scarf {harm}
rCorr    .         Rampage  .   (no gloves)
Will     .....                  (no boots)
Stlth    ++........             (no amulet)
HPRegen  0.19/turn              (no ring)
MPRegen  0.14/turn              (no ring)

@: no status effects
A: walk through water, unfitting armour, unbreathing, cold-blooded, AC +11
a: no special abilities


You were on level 5 of the Dungeon.
You visited 1 branch of the dungeon, and saw 5 of its levels.

You collected 238 gold pieces.

Inventory:

Hand Weapons
 a - a +0 dagger (weapon)
 d - a +0 mace of protection
Missiles
 c - 3 boomerangs (quivered)
 e - 64 sling bullets
 f - 155 stones
 i - 4 curare-tipped darts
 m - 19 poisoned darts
Armour
 j - a scarf of harm (worn)
Jewellery
 n - an uncursed ring of fire
Wands
 k - a wand of disintegration (7)
Scrolls
 b - 2 scrolls of teleportation
 g - 3 scrolls of amnesia
 h - a scroll of magic mapping
 l - a scroll of immolation {unknown}
 r - 3 scrolls of fog
 s - 2 scrolls of remove curse
 t - a scroll of enchant weapon {unknown}
 v - a scroll of random uselessness {unknown}
 w - a scroll of blinking {unknown}
Potions
 o - a potion of flight {unknown}
 p - 2 potions of heal wounds {unknown}
 q - 2 potions of brilliance {unknown}
 u - a potion of curing {unknown}


   Skills:
 - Level 3.0 Fighting
 - Level 2.0 Dodging
 - Level 1.7 Stealth
 + Level 5.6 Spellcasting
 - Level 7.1 Conjurations


You had 3 spell levels left.
You knew the following spells:

 Your Spells              Type           Power        Failure   Level
a - Magic Dart            Conj           100%         1%          1
b - Searing Ray           Conj           68%          1%          2
c - Dazzling Flash        Conj/Hex       38%          8%          3
d - Fulminant Prism       Conj/Hex       9%           26%         4
e - Iskenderun's Mystic   Conj/Tloc      19%          26%         4

Your spell library contained the following spells:

 Spells                   Type           Power        Failure   Level


Dungeon Overview and Level Annotations

Branches:
Dungeon (5/15)
 Temple: D:4-7

Altars:
Qazlal
Xom

Shops:
D:4 :

Annotations:
D:5 Pikel


Innate Abilities, Weirdness & Mutations

You can walk through water.
Your dull iron-grey scales are very hard. (AC +11)
You cannot fit into any form of body armour.
You can survive without breathing.
You are cold-blooded and may be slowed by cold attacks.


Message History

The lemure misses you. The lemure barely misses you.
Pikel zaps a wand.
The puff of flame hits you.
* * * LOW HITPOINT WARNING * * *
You closely miss Pikel.
The frilled lizard hisses angrily.
The lemure closely misses you. x2; Pikel barely misses you.
You closely miss Pikel. The lemure closely misses you.
The lemure hits you but does no damage. Pikel hits you but does no damage.
You closely miss Pikel. The lemure closely misses you.
The lemure barely misses you. Pikel barely misses you.
You hit Pikel.
Pikel is lightly wounded.
The frilled lizard completely misses you.
The lemure barely misses you. The lemure closely misses you.
Pikel hits you but does no damage.
You hit Pikel but do no damage.
Pikel is lightly wounded.
The frilled lizard bites you but does no damage.
The lemure misses you. The lemure hits you.
You die...

#......... #########.
.###### ########.
.......##### #..<.....
...........###
#........
..$........'.#
#)....... #...(....#.#
#........
#...l....#.###........
#..#5@####(..+........
#. #K5# #..##........
# #55# #............
#..####..###.###...
...#.........# #...
.##.####.####.###... .
#.# #.# #....... . #.#
#.# #####... #.# #...


You could see Pikel, 4 lemures and a frilled lizard.

Vanquished Creatures
  Prince Ribbit (D:5)
  2 ogres
  A centaur (D:5)
  A bullfrog (D:4)
  A crimson imp (D:4)
  A hound (D:5)
  A bullfrog skeleton (D:5)
  Ijyb (D:3)
  A worker ant (D:4)
  10 adders
  3 gnolls (D:3)
  A shadow imp (D:5)
  A white imp (D:4)
  An ooze (D:1)
  2 adder skeletons (D:5)
  2 worms
  A dart slug (D:1)
  3 leopard geckos
  An orc (D:2)
  2 ball pythons (D:1)
  8 bats
  6 giant cockroaches
  16 goblins
  5 hobgoblins
  14 jackals
  8 kobolds
  7 frilled lizards
  5 rats
106 creatures vanquished.

Notes
Turn   | Place    | Note
-------+----------+-------------------------------------------
     0 | D:1      | hatsuma the Draconian Conjurer began the quest for the Orb.
     0 | D:1      | Reached XP level 1. HP: 14/14 MP: 3/3
   114 | D:1      | Reached skill level 1 in Fighting
   317 | D:1      | Reached XP level 2. HP: 24/24 MP: 3/5
   395 | D:1      | Learned a level 2 spell: Searing Ray
   809 | D:1      | Reached XP level 3. HP: 19/29 MP: 0/6
  1665 | D:2      | Learned a level 3 spell: Dazzling Flash
  1914 | D:2      | Reached XP level 4. HP: 38/38 MP: 3/8
  2881 | D:2      | Found a stormy altar of Qazlal.
  2889 | D:2      | Reached XP level 5. HP: 45/45 MP: 6/9
  2930 | D:2      | Learned a level 4 spell: Fulminant Prism
  3153 | D:3      | Reached skill level 5 in Conjurations
  3297 | D:3      | Found a shimmering altar of Xom.
  3498 | D:3      | Noticed an ogre
  3621 | D:3      | Killed an ogre
  3622 | D:3      | Reached XP level 6. HP: 45/51 MP: 3/11
  3713 | D:3      | Noticed Ijyb
  3723 | D:3      | Killed Ijyb
  4188 | D:4      | Found Daqylomu's Book Boutique.
  4194 | D:4      | Reached skill level 6 in Conjurations
  5074 | D:4      | Your scales start taking on a dull iron-grey colour.
  5074 | D:4      | Reached XP level 7. HP: 57/57 MP: 9/14
  5074 | D:4      | Gained mutation: You can survive without breathing. [Grey
                  | Draconian growth]
  5110 | D:4      | Learned a level 4 spell: Iskenderun's Mystic Blast
  5245 | D:5      | Entered Level 5 of the Dungeon
  5448 | D:5      | Noticed Prince Ribbit
  5455 | D:5      | Killed Prince Ribbit
  5456 | D:5      | Reached skill level 7 in Conjurations
  5580 | D:5      | Reached skill level 5 in Spellcasting
  6065 | D:5      | Noticed Pikel
  6085 | D:5      | HP: 1/57 [Pikel/puff of flame (3)]
  6090 | D:5      | Slain by a lemure

Illustrated notes

Levels and vault maps discovered:
D:1:      heliophobic_arrival_glass_houses, layout_loops_ring,
          minmay_tetromino_t2
D:2:      layout_basic, lemuel_crystal_altar
D:3:      layout_rooms, brannock_xom_greatest_gift, uniq_ijyb
D:4:      layout_basic, serial_shops, shop, minmay_stone_trees_large,
          minmay_fire_ice_demons
D:5:      layout_basic, serial_bayou_pond_d, st_stairs_12,
          minmay_parallelograms, uniq_pikel, uniq_prince_ribbit1

Skill      XL: |  1  2  3  4  5  6  7 |
---------------+----------------------+-----
Fighting       | 1 2 3 |  3.0
Dodging        | 2 |  2.0
Spellcasting   | 3 4 5 |  5.6
Conjurations   | 5 6 7 |  7.1
Stealth        | |  1.7

Action                   |  1- 3 |  4- 6 |  7- 9 || total
-------------------------+-------+-------+-------++-------
Melee: Dagger            |    60 |    39 |    78 ||   177
       Tailslap          |     5 |     2 |    10 ||    17
Throw: Boomerang         |    12 |    10 |       ||    22
 Cast: Magic Dart        |    75 |    28 |    13 ||   116
       Searing Ray       |     2 |    22 |     8 ||    32
  Use: Scroll            |     2 |     5 |     1 ||     8
 Stab: Sleeping          |     2 |     6 |       ||     8
Armor: Skin              |    28 |    17 |    38 ||    83
Dodge: Dodged            |    57 |    40 |    83 ||   180

Table legend: (Time is in decaauts)
 A = Elapsed time spent in this place.
 B = Non-inter-level travel time spent in this place.
 C = Inter-level travel time spent in this place.
 D = Time resting spent in this place.
 E = Time spent auto-exploring this place.
 F = Levels seen in this place.
 G = Mean time per level.
                   A        B        C        D        E       F      G
               +--------+--------+--------+--------+--------+-----+--------+
         Total |   6097 |   5579 |    518 |   2041 |    286 |   5 | 1219.4 |
       Dungeon |   6097 |   5579 |    518 |   2041 |    286 |   5 | 1219.4 |
               +--------+--------+--------+--------+--------+-----+--------+

Top non-repeatable levels by time:
     D:2: 1577 daAuts
     D:1: 1552 daAuts
     D:4: 1190 daAuts
     D:3: 930 daAuts
     D:5: 846 daAuts
